 Dungeon Crawl Stone Soup version 0.31-a0-846-gb3bcc0d938 (webtiles) character file.

Game seed: 1297083820663448853

221 MachoJfn the Caller (level 6, 0/33 HPs)
             Began as a Kobold Summoner on Oct 3, 2023.
             Was a Believer of Sif Muna.
             Killed from afar by Natasha (11 damage)
             ... with a puff of flame
             ... on level 3 of the Dungeon.
             The game lasted 00:13:27 (3591 turns).

MachoJfn the Caller (Kobold Summoner)               Turns: 3591, Time: 00:13:27

Health: 0/33       AC:  5    Str: 12    XL:     6   Next: 18%
Magic:  7/11       EV: 14    Int: 21    God:    Sif Muna [**....]
Gold:   167        SH:  0    Dex: 15    Spells: 8/12 levels left

rFire   . . .        h - +0 spear
rCold   . . .        (no shield)
rNeg    . . .        a - +0 leather armour
rPois   .            o - +1 helmet {Int+3}
rElec   .            (no cloak)
rCorr   .            (no gloves)
SInv    .            (no boots)
Will    .....        (no amulet)
Stlth   +++          c - +6 ring of strength
HPRegen 0.25/turn    (no ring)
MPRegen 0.12/turn

%: no passive effects
@: no status effects
A: small, no large weapons, nightstalker 3
a: Renounce Religion, Channel Magic


You were on level 3 of the Dungeon.
You worshipped Sif Muna.
Sif Muna was pleased with you.
You visited 1 branch of the dungeon, and saw 4 of its levels.

You collected 167 gold pieces.

Inventory:

Hand Weapons
 h - a +0 spear (weapon)
 j - a +1 vampiric dagger
Missiles
 f - 39 stones
 m - 2 boomerangs
Armour
 a - a +0 leather armour (worn)
 o - a +1 helmet of intelligence (worn)
Jewellery
 c - a +6 ring of strength (left hand)
Scrolls
 g - 2 scrolls of identify
Potions
 b - a potion of magic
 d - a potion of curing
 e - 3 potions of heal wounds
 i - a potion of enlightenment
 k - a potion of invisibility
 n - a potion of berserk rage {unknown}


   Skills:
 + Level 0.9 Fighting
 + Level 1.4 Maces & Flails
 + Level 0.8 Polearms
 + Level 0.3 Armour
 + Level 3.1 Dodging
 + Level 3.9 Stealth
 + Level 3.6 Spellcasting
 + Level 4.9 Summonings


You had 8 spell levels left.
You knew the following spells:

 Your Spells              Type           Power      Damage    Failure   Level
a - Summon Small Mammal   Summ           96%        N/A       2%          1
b - Call Canine Familiar  Summ           24%        N/A       6%          3

Your spell library contained the following spells:

 Spells                   Type           Power      Damage    Failure   Level
 Call Imp                 Summ           48%        N/A       3%          2
 Summon Guardian Golem    Hex/Summ       14%        N/A       17%         3
 Summon Lightning Spire   Summ/Air       14%        N/A       50%         4
 Malign Gateway           Summ/Tloc      7%         N/A       100%        7
 Summon Horrible Things   Summ           12%        N/A       100%        8


Dungeon Overview and Level Annotations

Branches:
Dungeon (4/15)
 Temple: D:4-7

Altars:
Sif Muna

Annotations:
D:3 Natasha


Innate Abilities, Weirdness & Mutations

You are small and have problems with some larger weapons.
You are completely attuned to the shadows.


Message History

Your hound closely misses the hobgoblin.
The cerulean imp hits you from afar with a +1 spear.
Natasha casts a spell.
The hobgoblin misses you.
You hit the hobgoblin but do no damage.
The hobgoblin is almost dead.
Your hound bites the hobgoblin but does no damage.
The cerulean imp hits you from afar with a +1 spear.
Your hound closely misses the hobgoblin.
The hobgoblin barely misses your hound.
The cerulean imp hits you with a +0 spear.
You closely miss the hobgoblin.
The hobgoblin is almost dead.
Your hound barely misses the hobgoblin.
The cerulean imp barely misses you. The hobgoblin misses you.
The cerulean imp hits you but does no damage.
You barely miss the hobgoblin.
The hobgoblin is almost dead.
Your hound bites the hobgoblin.
The hobgoblin dies!
Sif Muna accepts your kill.
Natasha casts a spell.
The cerulean imp misses you. The cerulean imp closely misses you.
You swap places.
Your hound bites the cerulean imp.
The cerulean imp hits you but does no damage.
Items here: )) [[ †.
You see here a +0 club.
Your hound bites the cerulean imp.
The cerulean imp hits you from afar with a +0 spear.
Your hound misses the cerulean imp.
The cerulean imp hits you but does no damage.
Your hound bites the cerulean imp.
The cerulean imp dies!
The cerulean imp disappears in a puff of smoke!
Your hound bites Natasha.
Natasha claws your hound.
Your hound barely misses Natasha.
Natasha zaps a wand.
The puff of flame misses your hound. The puff of flame hits you!
You die...
Natasha curls up and begins to purr.

# #.#####.#
##########.#
#.#
.........).#
#.#
############
#.# # #.# #
#.# # #)#
#)# #@#
####h#
#5.h.#
#h#### #.#
#h# #.# #.#
#.#


You could see Natasha (ally target) and a friendly hound (summoned).

Vanquished Creatures
  A gnoll (D:4)
  2 worms
  A dart slug (D:2)
  2 orcs (D:2)
  2 bats
  5 endoplasms
  4 giant cockroaches
  5 goblins
  A hobgoblin (D:1)
  2 quokkas (D:1)
  3 ball pythons
  4 frilled lizards
  3 kobolds (D:1)
  3 rats
38 creatures vanquished.

Vanquished Creatures (collateral kills)
  A hound (D:4)
  Natasha (D:3)
  2 orc wizards
  Robin (D:3)
  A dart slug (D:1)
  6 orcs
  3 endoplasms
  A giant cockroach (D:3)
  4 goblins (D:3)
  5 hobgoblins
  3 kobolds (D:1)
  A quokka (D:2)
  3 ball pythons
  3 frilled lizards
  4 rats
39 creatures vanquished.

Grand Total: 77 creatures vanquished

Notes
Turn   | Place    | Note
-------+----------+-------------------------------------------
     0 | D:1      | MachoJfn the Kobold Summoner began the quest for the Orb.
     0 | D:1      | Reached XP level 1. HP: 10/10 MP: 3/3
   302 | D:1      | Reached XP level 2. HP: 15/15 MP: 0/5
   817 | D:1      | Reached XP level 3. HP: 19/19 MP: 0/6
  1524 | D:2      | Learned a level 3 spell: Call Canine Familiar
  1579 | D:2      | Reached XP level 4. HP: 21/24 MP: 1/8
  1912 | D:2      | You fall into a shaft and drop 2 floors!
  1943 | D:4      | Reached skill level 1 in Maces & Flails
  1943 | D:4      | Reached XP level 5. HP: 28/28 MP: 4/9
  2863 | D:2      | Found a faded altar of an unknown god.
  2870 | D:2      | Prayed at the altar of an unknown god.
  2870 | D:2      | Became a worshipper of Sif Muna the Loreminder
  2870 | D:2      | Reached * piety under Sif Muna
  3349 | D:3      | Noticed Natasha
  3355 | D:3      | Killed Natasha
  3356 | D:3      | Reached XP level 6. HP: 33/33 MP: 8/11
  3513 | D:3      | Reached ** piety under Sif Muna
  3517 | D:3      | Noticed Robin
  3533 | D:3      | Killed Robin
  3568 | D:3      | Noticed Natasha
  3591 | D:3      | Killed from afar by Natasha

Illustrated notes

Levels and vault maps discovered:
D:1:      co_arrival_square_in_a_square_in_a_square, layout_basic,
          serial_rivers, chequers_serial_rivers_micro_e,
          chequers_serial_rivers_small_a, chequers_serial_rivers_micro_a,
          chequers_serial_rivers_large_a, chequers_serial_rivers_marsh
D:2:      layout_basic, dreamdust_ecumenical_altar_hidden_monk_grotto,
          small_statue_intersection
D:3:      layout_loops_ring, cheibriados_altar_1, uniq_terence, uniq_natasha,
          uniq_robin
D:4:      layout_rooms, serial_forest, infiniplex_forest_clump_C,
          infiniplex_forest_corner_1, infiniplex_forest_clump_long,
          infiniplex_forest_clump_cross, infiniplex_forest_straight_3,
          infiniplex_forest_clump_medium, infiniplex_forest_straight_4,
          infiniplex_forest_clump_double, infiniplex_forest_lined_room_3,
          hangedman_minor_gate_pass

Skill      XL: |  1  2  3  4  5 |
---------------+----------------+-----
Stealth        | 3 |  3.9
Spellcasting   | 3 |  3.6
Maces & Flails | 1 |  1.4
Dodging        | 3 |  3.1
Fighting       | |  0.9
Polearms       | |  0.8
Armour         | |  0.3
Summonings     | |  4.9

Action                     |  1- 3 |  4- 6 || total
---------------------------+-------+-------++-------
  Melee: Mace              |    53 |     3 ||    56
         Punch             |     1 |     2 ||     3
         Spear             |       |    90 ||    90
   Cast: Summon Small Mamm |    48 |     1 ||    49
         Call Canine Famil |     3 |    17 ||    20
    Use: Scroll            |     3 |     2 ||     5
         Potion            |     2 |     1 ||     3
   Stab: Sleeping          |     4 |     4 ||     8
 Armour: Robe              |    16 |     3 ||    19
         Leather armour    |       |    36 ||    36
  Dodge: Dodged            |    54 |    76 ||   130

Table legend: (Time is in decaauts)
 A = Elapsed time spent in this place.
 B = Non-inter-level travel time spent in this place.
 C = Inter-level travel time spent in this place.
 D = Time resting spent in this place.
 E = Time spent auto-exploring this place.
 F = Levels seen in this place.
 G = Mean time per level.
                   A        B        C        D        E       F      G
               +--------+--------+--------+--------+--------+-----+--------+
         Total |   3625 |   3400 |    225 |    338 |   2332 |   4 |  906.2 |
       Dungeon |   3625 |   3400 |    225 |    338 |   2332 |   4 |  906.2 |
               +--------+--------+--------+--------+--------+-----+--------+

Top non-repeatable levels by time:
     D:1: 1527 daAuts
     D:2: 1197 daAuts
     D:3: 524 daAuts
     D:4: 376 daAuts
